|
||||||||||||||||||||||||||||||||||||||||||||||||||||||||||||||||||||||||||||||
| ||||||||||||||||||||||||||||||||||||||||||||||||||||||||||||||||||||||||||||||
Top of the 3rd over - 0 runs, 1 hit, 0 errors, 0 left on base; Tri-City 0 - Idaho Falls 0 |
BOTTOM OF THE 3RD | |
---|---|
Idaho Falls Chukars batting - Pitching for Tri-City ValleyCats : RHP Hector Carrillo | |
Batting: RHB Hugo Chavez |
0-0: Called Strike 0-1: Ball 1-1: Swinging Strike 1-2: Strikes out swinging |
Batting: RHB Masakuni Takeuchi |
0-0: Called Strike 0-1: Ball 1-1: Ball 2-1: Ball 3-1: Base on Balls |
Batting: SHB Glenn Harrison |
0-0: Ball 1-0: Foul Ball, location: 2F 1-1: Ball 2-1: Ball 3-1: Foul Ball, location: 2F 3-2: Base on Balls Masakuni Takeuchi to second |
Batting: RHB Dermott Ayliffe |
0-0: Ball 1-0: Ball 2-0: Called Strike 2-1: Swinging Strike 2-2: Ball 3-2: Strikes out looking |
Batting: RHB Jason Conner |
0-0: Ball 1-0: Called Strike 1-1: Swinging Strike 1-2: Ball Wild Pitch! Masakuni Takeuchi to third Glenn Harrison to second 2-2: Foul Ball, location: 2F 2-2: Foul Ball, location: 2F 2-2: Foul Ball, location: 2F 2-2: Foul Ball, location: 2F 2-2: Strikes out looking |
Bottom of the 3rd over - 0 runs, 0 hits, 0 errors, 2 left on base; Tri-City 0 - Idaho Falls 0 |
TOP OF THE 4TH | |
---|---|
Tri-City ValleyCats batting - Pitching for Idaho Falls Chukars : LHP Ben Mills | |
Batting: RHB Hugo Priego | 0-0: Fly out, F6 (Line Drive, 6, EV 71.2 MPH) |
Batting: RHB Omar Amaya | 0-0: Hit by Pitch |
Batting: RHB Josh Broome |
0-0: Ball Omar Amaya steals 2nd base 1-0: Swinging Strike 1-1: Foul Ball, location: 2F 1-2: Ball 2-2: Ball 3-2: Strikes out swinging |
Batting: RHB Roger Pelley |
0-0: Foul Ball, location: 2F 0-1: Ball 1-1: Called Strike 1-2: Ball 2-2: SINGLE (Line Drive, 3D, EV 108.8 MPH) Omar Amaya to third |
Batting: RHB Keith Goodwin |
0-0: Ball Wild Pitch! Omar Amaya scores Roger Pelley to second 1-0: Ball 2-0: Ball 3-0: Called Strike 3-1: Called Strike 3-2: Strikes out swinging |
Top of the 4th over - 1 run, 1 hit, 0 errors, 1 left on base; Tri-City 1 - Idaho Falls 0 |
BOTTOM OF THE 4TH | |
---|---|
Idaho Falls Chukars batting - Pitching for Tri-City ValleyCats : RHP Hector Carrillo | |
Batting: RHB Matt Weddle |
0-0: Ball 1-0: Foul Ball, location: 2F 1-1: Swinging Strike 1-2: Strikes out swinging |
Batting: RHB Shura Mogilny |
0-0: Ball 1-0: Called Strike 1-1: Foul Ball, location: 2F 1-2: Ball 2-2: Ball 3-2: Base on Balls |
Pitching: RHP Max Warburton | |
Batting: RHB Joe Gabriel |
0-0: Foul Ball, location: 2F 0-1: Called Strike Shura Mogilny steals 2nd, throwing error, E2 Shura Mogilny to third 0-2: Ball 1-2: Strikes out looking |
Batting: LHB Vicente Hernandez |
0-0: Ball 1-0: SINGLE (Groundball, 4MD, EV 106.2 MPH) Shura Mogilny scores |
Batting: RHB Hugo Chavez | 0-0: Fielders Choice at 2nd, 6-4 (Groundball, 56, EV 103.1 MPH) |
Bottom of the 4th over - 1 run, 1 hit, 1 error, 1 left on base; Tri-City 1 - Idaho Falls 1 |
TOP OF THE 5TH | |
---|---|
Tri-City ValleyCats batting - Pitching for Idaho Falls Chukars : LHP Ben Mills | |
Batting: SHB Terciero Ortiz | 0-0: Fly out, F8 (Flyball, 8RD, EV 91.9 MPH) |
Batting: RHB John Moore |
0-0: Ball 1-0: Called Strike 1-1: Ball 2-1: Foul Ball, location: 2F 2-2: Strikes out swinging |
Batting: RHB Domingas Saragoa |
0-0: Ball 1-0: Ball 2-0: Fly out, F7 (Flyball, 7, EV 86.9 MPH) |
Top of the 5th over - 0 runs, 0 hits, 0 errors, 0 left on base; Tri-City 1 - Idaho Falls 1 |
BOTTOM OF THE 5TH | |
---|---|
Idaho Falls Chukars batting - Pitching for Tri-City ValleyCats : RHP Max Warburton | |
Batting: RHB Masakuni Takeuchi |
0-0: Called Strike 0-1: DOUBLE (Line Drive, 9LS, EV 95.6 MPH) |
Batting: SHB Glenn Harrison |
0-0: Ball 1-0: Called Strike 1-1: Fly out, F5 (Popup, 56, EV 62.5 MPH) |
Batting: RHB Dermott Ayliffe |
0-0: Ball 1-0: Fly out, F5 (Line Drive, 5L, EV 65.6 MPH) |
Batting: RHB Jason Conner |
0-0: Called Strike 0-1: Called Strike 0-2: Strikes out swinging |
Bottom of the 5th over - 0 runs, 1 hit, 0 errors, 1 left on base; Tri-City 1 - Idaho Falls 1 |
TOP OF THE 6TH | |
---|---|
Tri-City ValleyCats batting - Pitching for Idaho Falls Chukars : LHP Ben Mills | |
Batting: RHB Patrick Pinault | 0-0: SINGLE (Groundball, 4M, EV 101.9 MPH) (infield hit) |
Batting: RHB Hugo Priego |
0-0: Called Strike 0-1: Swinging Strike 0-2: Ball 1-2: Fly out, F7 (Flyball, 7LM, EV 87.5 MPH) |
Batting: RHB Omar Amaya |
0-0: Swinging Strike 0-1: Ball 1-1: Called Strike 1-2: Ball 2-2: Ball 3-2: SINGLE (Groundball, 56S, EV 71.2 MPH) (infield hit) Patrick Pinault to second |
Batting: RHB Josh Broome |
0-0: Ball 1-0: Ball 2-0: Ball 3-0: Called Strike 3-1: Base on Balls Patrick Pinault to third Omar Amaya to second |
Batting: RHB Roger Pelley |
0-0: SINGLE (Groundball, 6MD, EV 103.1 MPH) Patrick Pinault scores Omar Amaya to third Josh Broome to second Runner from 3rd tries for Home, SAFE, throw by CF to home |
Batting: RHB Keith Goodwin |
0-0: Called Strike 0-1: Ball 1-1: Fielders Choice at 2nd, 6-4 (Groundball, 6, EV 101.9 MPH) Josh Broome to third |
Batting: SHB Terciero Ortiz |
0-0: Ball 1-0: Ball 2-0: Called Strike 2-1: Ball 3-1: Swinging Strike 3-2: Base on Balls Keith Goodwin to second |
Pitching: LHP Adrian Sanchez | |
Batting: RHB John Moore |
0-0: Ball 1-0: Ball 2-0: Fly out, F9 (Flyball, 9D, EV 82.5 MPH) |
Top of the 6th over - 2 runs, 3 hits, 0 errors, 3 left on base; Tri-City 3 - Idaho Falls 1 |
BOTTOM OF THE 6TH | |
---|---|
Idaho Falls Chukars batting - Pitching for Tri-City ValleyCats : RHP Max Warburton | |
Pinch Hitting: SHB Adrian Orosco |
0-0: Ball 1-0: Ball 2-0: Called Strike 2-1: Swinging Strike 2-2: Foul Ball, location: 2F 2-2: SINGLE (Groundball, 4D, EV 106.9 MPH) |
Batting: RHB Shura Mogilny |
0-0: Called Strike 0-1: Ball 1-1: Swinging Strike 1-2: Foul Ball, location: 2F 1-2: Ball 2-2: Foul Ball, location: 2F 2-2: Ball 3-2: Base on Balls Adrian Orosco to second |
Pitching: RHP Jeremy Mash | |
Batting: RHB Joe Gabriel |
0-0: Grounds into double play, 6-4-3 (Groundball, 6, EV 87.5 MPH) Adrian Orosco to third |
Batting: LHB Vicente Hernandez |
0-0: Called Strike 0-1: Called Strike 0-2: Strikes out swinging |
Bottom of the 6th over - 0 runs, 1 hit, 0 errors, 1 left on base; Tri-City 3 - Idaho Falls 1 |
TOP OF THE 7TH | |
---|---|
Tri-City ValleyCats batting - Pitching for Idaho Falls Chukars : LHP Adrian Sanchez | |
Now in LF: Alex Cavazos | |
Batting: RHB Domingas Saragoa |
0-0: Ball 1-0: Foul Ball, location: 2F 1-1: Ball 2-1: Foul Ball, location: 2F 2-2: Foul Ball, location: 2F 2-2: Strikes out looking |
Batting: RHB Patrick Pinault |
0-0: Called Strike 0-1: Ball 1-1: Foul Ball, location: 2F 1-2: Reached on error, E5 (Groundball, 56, EV 86.9 MPH) |
Batting: RHB Hugo Priego |
0-0: Ball 1-0: Ball 2-0: Ball 3-0: Foul Ball, location: 2F 3-1: Called Strike 3-2: Strikes out swinging |
Batting: RHB Omar Amaya |
0-0: Ball 1-0: Ball 2-0: Called Strike 2-1: Ball Wild Pitch! Patrick Pinault to second 3-1: Base on Balls |
Batting: RHB Josh Broome |
0-0: Ball 1-0: Ball 2-0: Ball 3-0: Base on Balls Patrick Pinault to third Omar Amaya to second |
Batting: RHB Roger Pelley |
0-0: Ball 1-0: Ball Wild Pitch! Patrick Pinault scores Omar Amaya to third Josh Broome to second 2-0: Ball 3-0: Base on Balls |
Pitching: RHP Oscar Cisneros | |
Batting: RHB Keith Goodwin |
0-0: Called Strike 0-1: Ball Wild Pitch! Omar Amaya scores Josh Broome to third Roger Pelley to second 1-1: Ball 2-1: Swinging Strike Balk! Josh Broome scores Roger Pelley to third 2-2: Strikes out swinging |
Top of the 7th over - 3 runs, 0 hits, 1 error, 1 left on base; Tri-City 6 - Idaho Falls 1 |
BOTTOM OF THE 7TH | |
---|---|
Idaho Falls Chukars batting - Pitching for Tri-City ValleyCats : RHP Jeremy Mash | |
Batting: RHB Hugo Chavez | 0-0: Fly out, F2 (Popup, 3SF, EV 75.6 MPH) |
Batting: RHB Masakuni Takeuchi |
0-0: Ball 1-0: Ball 2-0: Ground out 3-1 (Groundball, 34, EV 86.2 MPH) |
Batting: SHB Glenn Harrison |
0-0: Ball 1-0: Ball 2-0: Ball 3-0: Base on Balls |
Batting: RHB Dermott Ayliffe |
0-0: Called Strike Glenn Harrison steals 2nd base 0-1: Ball 1-1: DOUBLE (Flyball, 78D, EV 101.9 MPH) Glenn Harrison scores |
Batting: RHB Jason Conner |
0-0: Called Strike 0-1: Foul Ball, location: 2F 0-2: Ball 1-2: Ball 2-2: Foul Ball, location: 2F 2-2: Strikes out swinging |
Bottom of the 7th over - 1 run, 1 hit, 0 errors, 1 left on base; Tri-City 6 - Idaho Falls 2 |
TOP OF THE 8TH | |
---|---|
Tri-City ValleyCats batting - Pitching for Idaho Falls Chukars : RHP Oscar Cisneros | |
Batting: SHB Terciero Ortiz |
0-0: Called Strike 0-1: Ball 1-1: Ball 2-1: Ball 3-1: Called Strike 3-2: Ground out 2-3 (Groundball, 2L, EV 65.6 MPH) |
Batting: RHB John Moore |
0-0: Ball 1-0: Fly out, F8 (Flyball, 8LXD, EV 103.1 MPH) |
Batting: RHB Domingas Saragoa |
0-0: Ball 1-0: Ball 2-0: Ball 3-0: Base on Balls |
Batting: RHB Patrick Pinault |
0-0: Ball 1-0: Ball 2-0: Ball 3-0: Base on Balls Domingas Saragoa to second |
Batting: RHB Hugo Priego |
0-0: Foul Ball, location: 2F 0-1: Ball 1-1: SINGLE (Groundball, 34D, EV 95.0 MPH) Domingas Saragoa to third Patrick Pinault to second Runner from 3rd tries for Home, throw by RF and OUT! 9-2 |
Top of the 8th over - 0 runs, 1 hit, 0 errors, 2 left on base; Tri-City 6 - Idaho Falls 2 |
BOTTOM OF THE 8TH | |
---|---|
Idaho Falls Chukars batting - Pitching for Tri-City ValleyCats : RHP Jeremy Mash | |
Pitching: LHP Jason Mitchell | |
Batting: SHB Alex Cavazos |
0-0: Called Strike 0-1: Swinging Strike 0-2: Ground out 2-3 (Groundball, 13S, EV 68.1 MPH) |
Batting: RHB Shura Mogilny |
0-0: Ball 1-0: Swinging Strike 1-1: Swinging Strike 1-2: Foul Ball, location: 2F 1-2: Ball 2-2: Foul Ball, location: 2F 2-2: Ball 3-2: Strikes out swinging |
Batting: RHB Joe Gabriel |
0-0: Swinging Strike 0-1: Foul Ball, location: 2F 0-2: Ball 1-2: Ball 2-2: Strikes out looking |
Bottom of the 8th over - 0 runs, 0 hits, 0 errors, 0 left on base; Tri-City 6 - Idaho Falls 2 |
TOP OF THE 9TH | |
---|---|
Tri-City ValleyCats batting - Pitching for Idaho Falls Chukars : RHP Oscar Cisneros | |
Pitching: RHP Chance Griffin | |
Batting: RHB Omar Amaya |
0-0: Ball 1-0: Foul Ball, location: 2F 1-1: Ball 2-1: Foul Ball, location: 2F 2-2: Strikes out swinging, 2-3 out at first. |
Batting: RHB Josh Broome |
0-0: Ball 1-0: Ball 2-0: Ball 3-0: Called Strike 3-1: Foul Ball, location: 2F 3-2: Strikes out swinging |
Batting: RHB Roger Pelley |
0-0: Ball 1-0: Ball 2-0: Called Strike 2-1: Called Strike 2-2: Ball 3-2: Base on Balls |
Batting: RHB Keith Goodwin |
0-0: Called Strike 0-1: Ball 1-1: Ball Roger Pelley steals 2nd base 2-1: Ball 3-1: Called Strike 3-2: Strikes out looking |
Top of the 9th over - 0 runs, 0 hits, 0 errors, 1 left on base; Tri-City 6 - Idaho Falls 2 |
BOTTOM OF THE 9TH | |
---|---|
Idaho Falls Chukars batting - Pitching for Tri-City ValleyCats : LHP Jason Mitchell | |
Batting: LHB Vicente Hernandez |
0-0: Swinging Strike 0-1: Ball 1-1: Ball 2-1: Ball 3-1: Base on Balls |
Pitching: RHP Vinny Salazar | |
Batting: RHB Hugo Chavez |
0-0: Ball 1-0: Called Strike 1-1: Fly out, F9 (Flyball, 9, EV 89.4 MPH) |
Batting: RHB Masakuni Takeuchi |
0-0: Ball 1-0: Ball 2-0: Swinging Strike Passed Ball! Vicente Hernandez to second 2-1: Ball 3-1: Called Strike 3-2: Strikes out looking |
Batting: SHB Glenn Harrison |
0-0: Swinging Strike 0-1: Swinging Strike 0-2: Ball 1-2: Strikes out looking |
Bottom of the 9th over - 0 runs, 0 hits, 0 errors, 1 left on base; Tri-City 6 - Idaho Falls 2 |
Sunday, July 16th , 2023 - OOTP Baseball 24.6 Build 69 |